 Dungeon Crawl Stone Soup version 0.21.0-3-g78d12a8bdd (webtiles) character file.

23629 vovahuhaifa the Basher (level 13, -13/61 HPs)
             Began as a Gargoyle Fighter on Jan 16, 2018.
             Was a High Priest of Hepliaklqana.
             Killed from afar by Frances (25 damage)
             ... with an iron shot
             ... while paralysed
             ... on level 13 of the Dungeon.
             The game lasted 01:15:18 (12678 turns).

vovahuhaifa the Basher (Gargoyle Fighter)          Turns: 12678, Time: 01:15:19

Health: -13/61     AC: 23    Str: 30    XL:     13   Next: 7%
Magic:  17/17      EV:  2    Int: 12    God:    Hepliaklqana [*****.]
Gold:   734        SH:  0    Dex:  9    Spells: 12/12 levels left

rFire    + . .     SeeInvis .   r - +2 mace (drain)
rCold    . . .     Gourm    .   c - +2 shield
rNeg     + . .     Faith    .   R - +0 troll leather armour
rPois    ∞         Spirit   .   i - +0 helmet
rElec    +         Reflect  .   x - scarf {repulsion}
rCorr    .         Harm     .   A - +2 pair of gloves
MR       .....                  e - +1 pair of boots
Stlth    +.........             (no amulet)
HPRegen  0.60/turn              G - ring of protection from fire
MPRegen  0.15/turn              z - +3 ring of intelligence

@: paralysed, mighty, fainting, repel missiles
A: reduced essence, negative energy resistance 1, electricity resistance,
unbreathing, petrification resistance, rot immunity, AC +9
a: Recall Ancestor, Ancestor Identity, Transference, Idealise, Renounce Religion


You were on level 13 of the Dungeon.
You worshipped Hepliaklqana.
Hepliaklqana was extremely pleased with you.
You were fainting.

You visited 1 branch of the dungeon, and saw 13 of its levels.

You collected 734 gold pieces.

Inventory:

Hand Weapons
 k - a +0 morningstar
 o - a +4 great mace of holy wrath
 q - a +2 mace of protection
 r - a +2 mace of draining (weapon)
 H - a +0 whip of freezing
Armour
 c - a +2 shield (worn)
 e - a +1 pair of boots (worn)
 i - a +0 helmet (worn)
 t - a +0 cloak
 x - a scarf of repulsion (worn)
 A - a +2 pair of gloves (worn)
 O - +0 steam dragon scales
 R - a +0 troll leather armour (worn)
Jewellery
 z - a +3 ring of intelligence (right hand)
 G - a ring of protection from fire (left hand)
Wands
 b - a wand of iceblast (9)
 m - a wand of acid (20)
 E - a wand of paralysis (6)
 J - a wand of flame (19)
 L - a wand of polymorph (24)
Scrolls
 g - 8 scrolls of remove curse
 h - 2 scrolls of blinking
 j - 3 scrolls of teleportation
 l - 5 scrolls of fog
 u - 2 scrolls of immolation
 w - 3 scrolls of amnesia
 y - 8 scrolls of identify
 C - 3 scrolls of fear
 I - a scroll of vulnerability
 V - a scroll of magic mapping
Potions
 d - a potion of might
 n - 2 potions of ambrosia
 p - a potion of heal wounds
 v - 4 potions of lignification
 D - a potion of mutation
 K - a potion of flight
 N - 2 potions of curing
 Q - 2 potions of magic
 S - a potion of berserk rage
Books
 a - a book of Unlife

   Spells                             Type                      Level
   a - Recall                         Summoning/Translocation      3
   b - Animate Dead                   Necromancy                   4
   c - Borgnjor's Vile Clutch         Necromancy/Earth             5
   d - Death Channel                  Necromancy                   6
   e - Simulacrum                     Ice/Necromancy               6
 F - a book of Conjurations

   Spells                             Type                      Level
   a - Magic Dart                     Conjuration                  1
   b - Searing Ray                    Conjuration                  2
   c - Dazzling Spray                 Conjuration/Hexes            3
   d - Fulminant Prism                Conjuration/Hexes            4
   e - Force Lance                    Conjuration/Translocation    4
   f - Iskenderun's Mystic Blast      Conjuration                  4
 P - a book of Power

   Spells                             Type                      Level
   a - Iskenderun's Battlesphere      Conjuration/Charms           5
   b - Venom Bolt                     Conjuration/Poison           5
   c - Bolt of Magma                  Conjuration/Fire/Earth       5
   d - Iron Shot                      Conjuration/Earth            6
   e - Orb of Destruction             Conjuration                  7
   f - Spellforged Servitor           Conjuration/Summoning        7
 T - a book of Cantrips

   Spells                             Type                      Level
   a - Confusing Touch                Hexes                        1
   b - Animate Skeleton               Necromancy                   1
   c - Summon Small Mammal            Summoning                    1
   d - Apportation                    Translocation                1
 W - Lumaotab's Collected Works on Vitriolic Ice
   (You found it on level 12 of the Dungeon)

   Spells                             Type                      Level
   a - Sting                          Conjuration/Poison           1
   b - Freeze                         Ice                          1
   c - Mephitic Cloud                 Conjuration/Poison/Air       3
   d - Olgreb's Toxic Radiance        Poison                       4
   e - Metabolic Englaciation         Hexes/Ice                    5
 X - a book of Cantrips

   Spells                             Type                      Level
   a - Confusing Touch                Hexes                        1
   b - Animate Skeleton               Necromancy                   1
   c - Summon Small Mammal            Summoning                    1
   d - Apportation                    Translocation                1
Comestibles
 f - 21 rations
 M - 9 chunks of flesh


   Skills:
 - Level 3.2 Fighting
 * Level 14.4 Maces & Flails
 + Level 11.8 Armour
 + Level 11.8 Shields
 + Level 5.7 Invocations


You had 12 spell levels left.
You didn't know any spells.

Dungeon Overview and Level Annotations

Branches:
Dungeon (13/15)            Temple (0/1) D:4            Lair (0/6) D:11
    Orc (0/2) D:11
 Vaults: D:13-14

Altars:
Ashenzari
Gozag
Hepliaklqana
Kikubaaqudgha
Makhleb
Nemelex Xobeh
Okawaru
Trog
Xom
Yredelemnul

Shops:
D:5 [   D:7 *

Annotations:
D:13 Frances


Innate Abilities, Weirdness & Mutations

You are resistant to torment.
Your stone body is resilient. (AC +9)
You are immune to poison.
You resist negative energy. (rN+)
You are resistant to electric shocks. (rElec)
You can survive without breathing.
You are immune to petrification.
You are immune to rotting.
Your life essence is reduced to manifest your ancestor. (-10% HP)


Message History

You hit Frances.
Frances is moderately wounded.
You lose consciousness!
Frances hits you with a trident of protection!
The red devil hits you but does no damage.
Frances hits you with a trident of protection!
Frances hits you but does no damage.
The red devil hops backward while attacking.
The red devil hits you but does no damage.
Frances barely misses you.
The red devil hits you from afar with a trident.
Frances hits you but does no damage.
Frances mutters in a terrible tongue.
The iron shot hits you!
* * * LOW HITPOINT WARNING * * *
The red devil hits you but does no damage.
Frances says, "I will defeat you, of this I have no doubt!"
Frances chants phrases taken from a devil's mouth.
The iron shot hits you!
You die...

..................#
#)).
..................#
#(#.
.#######'##########
#.#. #.# #.#. #.#
#[#. #.# #.#. #4#
#.#. #)####### #.#.
≈ #@#...... #.#[ ≈.
#@#...... #.#.
≈..####W#g.....
#.#.
≈.....gHF......
#.##
..#.....gT..... #.#
'#.....†....... #.#
...........g... #.#
....#####...... #.#
.... ...... #.##


You could see Frances, a hippogriff, a hungry ghost, a red devil, a bullfrog and
2 goblins.

Vanquished Creatures
  A hydra (D:12)
  A centaur warrior (D:13)
  4 two-headed ogres
  Urug (D:13)
  An ugly thing (D:11)
  A centaur skeleton (D:10)
  Maurice (D:13)
  A komodo dragon (D:10)
  A queen bee (D:11)
  3 trolls
  2 hippogriffs
  2 wraiths
  13 yaks
  2 vampire mosquitoes (D:13)
  Menkaure (D:7)
  A warg (D:11)
  5 orc warriors
  2 ice beasts
  A black bear (D:6)
  2 necrophages
  5 ogres
  3 centaurs
  A crocodile (D:11)
  2 big kobolds
  4 bullfrogs
  A scorpion (D:4)
  13 killer bees
  A wight (D:10)
  A troll skeleton (D:7)
  2 crimson imps
  A bullfrog zombie (D:5)
  3 jellies (D:10)
  Crazy Yiuf (D:2)
  A bullfrog skeleton (D:9)
  A human zombie (D:7)
  5 orc priests
  5 hounds
  6 orc wizards
  Jessica (D:2)
  4 worker ants
  A howler monkey zombie (D:5)
  An adder (D:9)
  A shadow imp (D:13)
  A worm (D:2)
  A dart slug (D:5)
  4 leopard geckos
  34 orcs
  2 ball pythons
  5 giant cockroaches
  3 goblins
  6 hobgoblins
  3 iguanas
  7 jackals
  2 quokkas
  9 bats
  3 frilled lizards
  A giant cockroach zombie (D:5)
  13 kobolds
  5 rats
209 creatures vanquished.

Vanquished Creatures (collateral kills)
  3 two-headed ogres
  Sonja (D:12)
  The ghost of vovahuhaifa the Grappler, a novice TrMo of Wu Jian (D:8)
  An orc knight (D:12)
  Pikel (D:6)
  2 centaur skeletons (D:12)
  A troll (D:10)
  2 hornets
  Prince Ribbit (D:8)
  2 wraiths (D:7)
  A wyvern (D:9)
  4 yaks (D:13)
  A steam dragon (D:9)
  2 vampire mosquitoes (D:13)
  A porcupine (D:11)
  4 ice beasts
  A black bear (D:6)
  2 phantoms
  A slave (D:6)
  2 orc warriors
  5 sky beasts
  An ogre (D:12)
  3 centaurs
  A big kobold (D:8)
  An elf zombie (D:7)
  A bullfrog (D:6)
  A scorpion (D:11)
  2 howler monkeys
  11 killer bees
  3 wights
  4 crimson imps
  2 bullfrog zombies
  3 hounds
  A human zombie (D:7)
  4 orc priests
  2 jellies (D:5)
  9 orc wizards
  A human skeleton (D:7)
  An iguana (D:9)
  Natasha (D:2)
  4 worker ants
  A hound zombie (D:11)
  A hound skeleton (D:11)
  A mummy (D:7)
  6 adders
  2 shadow imps (D:13)
  2 worms
  A leopard gecko (D:8)
  33 orcs
  A bat (D:3)
  A goblin (D:3)
  2 hobgoblins (D:3)
  4 jackals
  4 kobolds
  2 quokkas
  An orc zombie (D:7)
  3 plants (D:11)
160 creatures vanquished.

Vanquished Creatures (others)
  8 battlemagi
  4 jackals (D:6)
12 creatures vanquished.

Grand Total: 381 creatures vanquished

Notes
Turn   | Place    | Note
-------+----------+-------------------------------------------
     0 | D:1      | vovahuhaifa the Gargoyle Fighter began the quest for the Orb.
     0 | D:1      | Reached XP level 1. HP: 14/14 MP: 1/1
   164 | D:1      | Reached XP level 2. HP: 16/19 MP: 2/2
   585 | D:1      | Reached XP level 3. HP: 23/23 MP: 3/3
  1070 | D:1      | Reached skill level 3 in Maces & Flails
  1479 | D:2      | Found a runed door.
  1520 | D:2      | Noticed Crazy Yiuf
  1523 | D:2      | Killed Crazy Yiuf
  1523 | D:2      | Reached XP level 4. HP: 28/28 MP: 4/4
  1677 | D:2      | Found an ancient bone altar of Kikubaaqudgha.
  1678 | D:2      | Found a hazy altar of Hepliaklqana.
  1707 | D:2      | Became a worshipper of Hepliaklqana the Forgotten
  1789 | D:2      | Noticed Natasha
  1794 | D:2      | Killed Natasha
  1858 | D:2      | Found a shattered altar of Ashenzari.
  1894 | D:2      | Noticed Jessica
  1895 | D:2      | Killed Jessica
  1895 | D:2      | Reached XP level 5. HP: 28/28 MP: 5/5
  2257 | D:3      | Reached skill level 4 in Maces & Flails
  2393 | D:3      | You fall through a shaft for 3 floors!
  2393 | D:6      | Noticed a black bear
  2399 | D:5      | Entered Level 5 of the Dungeon
  2399 | D:5      | Found Pagi's Antique Armour Emporium.
  2468 | D:4      | Found a staircase to the Ecumenical Temple.
  2554 | D:4      | Reached XP level 6. HP: 26/33 MP: 6/6
  2750 | D:4      | Found a sparkling altar of Nemelex Xobeh.
  2818 | D:4      | Reached * piety under Hepliaklqana
  2937 | D:4      | Found an opulent altar of Gozag.
  3047 | D:4      | Found a shattered altar of Ashenzari.
  3124 | D:4      | Found a burning altar of Makhleb.
  3228 | D:5      | Found an iron altar of Okawaru.
  3248 | D:5      | Found a shimmering altar of Xom.
  3309 | D:5      | Reached skill level 5 in Maces & Flails
  3407 | D:5      | Reached skill level 5 in Armour
  3467 | D:5      | Reached skill level 5 in Shields
  3467 | D:5      | Reached XP level 7. HP: 33/36 MP: 7/7
  3685 | D:5      | Reached ** piety under Hepliaklqana
  3769 | D:5      | Remembered your ancestor Izel as a battlemage
  3967 | D:6      | Reached skill level 6 in Maces & Flails
  4011 | D:6      | Noticed Pikel
  4023 | D:6      | Killed Pikel
  4023 | D:6      | Reached skill level 7 in Maces & Flails
  4023 | D:6      | Reached XP level 8. HP: 8/41 MP: 8/8
  4572 | D:6      | Found a bloodstained altar of Trog.
  5100 | D:7      | Noticed a wraith
  5105 | D:7      | Killed a wraith
  5105 | D:7      | Reached skill level 8 in Maces & Flails
  5113 | D:7      | Noticed a wraith
  5119 | D:7      | Killed a wraith
  5119 | D:7      | Reached XP level 9. HP: 41/45 MP: 9/9
  5132 | D:7      | Found a basalt altar of Yredelemnul.
  5247 | D:7      | Reached skill level 9 in Maces & Flails
  5604 | D:7      | Reached *** piety under Hepliaklqana
  5660 | D:7      | Identified a scroll of acquirement
  5797 | D:7      | Noticed Menkaure
  5804 | D:7      | Killed Menkaure
  6047 | D:7      | Found Imediona's General Store.
  6496 | D:8      | Reached skill level 10 in Maces & Flails
  6496 | D:8      | Reached XP level 10. HP: 50/50 MP: 10/10
  6505 | D:8      | Noticed vovahuhaifa's ghost (novice TrMo)
  6522 | D:8      | Killed vovahuhaifa's ghost
  6711 | D:8      | Noticed a two-headed ogre
  6728 | D:8      | Killed a two-headed ogre
  6907 | D:8      | Noticed a two-headed ogre
  6917 | D:8      | Killed a two-headed ogre
  6917 | D:8      | Reached skill level 11 in Maces & Flails
  7391 | D:8      | You fall through a shaft for 3 floors!
  7453 | D:11     | Reached XP level 11. HP: 14/54 MP: 11/11
  7760 | D:11     | Noticed a seven-headed hydra
  7779 | D:12     | Killed a seven-headed hydra
  8001 | D:11     | Reached skill level 12 in Maces & Flails
  8147 | D:11     | Reached skill level 10 in Armour
  8147 | D:11     | Reached skill level 10 in Shields
  8281 | D:11     | Noticed a two-headed ogre
  8287 | D:11     | Killed a two-headed ogre
  8326 | D:10     | Entered Level 10 of the Dungeon
  8326 | D:10     | Noticed a two-headed ogre
  8334 | D:10     | Killed a two-headed ogre
  8352 | D:10     | Reached **** piety under Hepliaklqana
  9159 | D:10     | Reached skill level 1 in Invocations
  9297 | D:9      | Noticed a two-headed ogre
  9305 | D:9      | Killed a two-headed ogre
  9305 | D:9      | Reached skill level 13 in Maces & Flails
  9376 | D:9      | Reached XP level 12. HP: 57/57 MP: 13/13
  9562 | D:9      | Noticed a two-headed ogre
  9570 | D:9      | Killed a two-headed ogre
  9957 | D:8      | Noticed Prince Ribbit
  9973 | D:8      | Killed Prince Ribbit
 10538 | D:11     | Reached ***** piety under Hepliaklqana
 10601 | D:11     | Found a staircase to the Orcish Mines.
 10936 | D:11     | Found a staircase to the Lair.
 11238 | D:12     | Identified Lumaotab's Collected Works on Vitriolic Ice
 11395 | D:12     | Noticed Sonja
 11405 | D:12     | Killed Sonja
 12063 | D:13     | Noticed a two-headed ogre
 12083 | D:13     | Killed a two-headed ogre
 12090 | D:13     | Reached skill level 14 in Maces & Flails
 12163 | D:12     | Reached skill level 5 in Invocations
 12408 | D:13     | Noticed a centaur warrior
 12439 | D:13     | Killed a centaur warrior
 12516 | D:13     | Noticed Urug
 12554 | D:13     | Killed Urug
 12554 | D:13     | Reached XP level 13. HP: 51/61 MP: 17/17
 12641 | D:13     | Noticed Maurice
 12644 | D:13     | Noticed Frances
 12662 | D:13     | Killed Maurice
 12673 | D:13     | Paralysed by fainting for 6 turns
 12678 | D:13     | Killed from afar by Frances

Skill      XL: |  1  2  3  4  5  6  7  8  9 10 11 12 |
---------------+-------------------------------------+-----
Maces & Flails | 3 4 5 7 8 10 11 13 14 | 14.4
Armour         | 4 5 6 7 8 9 10 11 | 11.8
Shields        | 4 5 6 8 9 10 11 | 11.8
Invocations    | 2 5 |  5.7
Fighting       | |  3.2

Action                   |  1- 3 |  4- 6 |  7- 9 | 10-12 | 13-15 || total
-------------------------+-------+-------+-------+-------+-------++-------
Melee: Flail             |   131 |       |       |       |       ||   131
       Mace              |       |   117 |   204 |   651 |    57 ||  1029
Invok: Ancestor Identity |       |     1 |       |       |       ||     1
       Ancestor Life: Ba |       |       |     1 |       |       ||     1
       Recall Ancestor   |       |       |     1 |     3 |       ||     4
  Use: Scroll            |       |     5 |    10 |    10 |     6 ||    31
       Potion            |       |       |    10 |     4 |     1 ||    15
 Stab: Distracted        |       |       |     1 |     7 |       ||     8
  Eat: Chunk             |     2 |     6 |     7 |    12 |     1 ||    28
       Ration            |       |       |     1 |     2 |       ||     3
Armor: Scale mail        |    88 |    48 |    97 |   181 |       ||   414
       Troll leather arm |       |       |       |    67 |    44 ||   111
Dodge: Dodged            |    45 |    39 |    41 |   183 |    28 ||   336
       Deflected         |       |     2 |     1 |     6 |     2 ||    11
Block: Shield            |    81 |    54 |   111 |   436 |    46 ||   728
